 Dungeon Crawl Stone Soup version 0.30.1-1-g62c8e00024 (webtiles) character file.

Game seed: 11661158436014542433

8369 Inchmeat the Basher (level 11, -15/95 (101) HPs)
             Began as an Armataur Gladiator on July 18, 2023.
             Was a High Priest of Okawaru.
             Demolished by a +0 dire flail of chaos (20 damage)
             ... on level 9 of the Dungeon.
             The game lasted 00:15:49 (8847 turns).

Inchmeat the Basher (Armataur Gladiator)            Turns: 8847, Time: 00:15:50

HP:   -15/95 (101)  AC:  7    Str: 20    XL:     11   Next: 9%
MP:   11/11         EV: 15    Int:  8    God:    Okawaru [*****.]
Gold: 135           SH:  0    Dex: 16    Spells: 10/10 levels left

rFire   . . .        d - +8 morningstar (freeze)
rCold   . . .        A - orb {light}
rNeg    . . .        y - +0 troll leather armour {Pargi}
rPois   .            c - +0 helmet
rElec   .            o - +0 cloak
rCorr   +            (no gloves)
SInv    .            (no barding)
Will    +....        (no amulet)
Stlth   +            E - ring of resist corrosion
HPRegen 1.15/turn    b - ring of willpower
MPRegen 0.12/turn

%: roll
@: agile, about to teleport, glowing, drained
A: large, rugged brown scales 3, deformed body, armoured tail, roll, long
tongue, awkward tongue
a: Renounce Religion, Heroism, Finesse, Duel


You were on level 9 of the Dungeon.
You worshipped Okawaru.
Okawaru was extremely pleased with you.
You visited 2 branches of the dungeon, and saw 10 of its levels.
You also visited: Bailey.

You collected 503 gold pieces.
You spent 368 gold pieces at shops.

Inventory:

Hand Weapons
 a - a +0 quarterstaff
 d - a +8 morningstar of freezing (weapon)
 L - a +1 scimitar of flaming
Missiles
 e - a javelin
 M - 2 silver javelins (quivered)
Armour
 c - a +0 helmet (worn)
 o - a +0 cloak (worn)
 y - a +0 troll leather armour (worn) {Pargi}
 A - an orb of light (worn)
 H - +0 steam dragon scales
Jewellery
 b - a ring of willpower (right hand)
 n - a +4 ring of protection
 x - a ring of fire
 E - a ring of resist corrosion (left hand)
 G - a ring of resist corrosion
Wands
 t - a wand of flame (27)
 F - a wand of light (3)
 K - a wand of roots (6)
Scrolls
 h - 4 scrolls of poison
 i - 2 scrolls of teleportation
 k - a scroll of magic mapping {unknown}
 m - 2 scrolls of summoning
 q - 5 scrolls of fear
 v - 2 scrolls of fog {unknown}
 w - a scroll of brand weapon {unknown}
 C - a scroll of blinking {unknown}
 D - a scroll of enchant armour {unknown}
 I - 2 scrolls of immolation {unknown}
 J - a scroll of silence {unknown}
Potions
 f - a potion of curing
 g - a potion of mutation
 j - 4 potions of degeneration
 l - a potion of ambrosia
 p - 2 potions of magic
 r - 4 potions of lignification
 s - 2 potions of might
 u - a potion of brilliance
 z - a potion of attraction
 B - a potion of berserk rage
 N - a potion of heal wounds
 O - a potion of invisibility {unknown}


   Skills:
 - Level 8.7 Fighting
 * Level 13.2(13.3) Maces & Flails
 - Level 2.6(9.0) Staves
 - Level 1.7 Throwing
 - Level 2.1 Dodging


You had 10 spell levels left.
You didn't know any spells.
Your spell library contained the following spells:

 Spells                   Type           Power      Damage    Failure   Level
 Sting                    Tmut/Pois      0%         1d3       45%         1
 Poisonous Vapours        Pois/Air       0%         N/A       61%         2
 Dazzling Flash           Conj/Hex       0%         N/A       83%         3
 Inner Flame              Hex/Fire       0%         N/A       83%         3
 Volatile Blastmotes      Fire/Tloc      0%         2d10      83%         3
 Flame Wave               Conj/Fire      0%         2d4       99%         4
 Iskenderun's Mystic Bla  Conj/Tloc      0%         2d3       99%         4
 Olgreb's Toxic Radiance  Pois           0%         N/A       99%         4
 Sticky Flame             Conj/Fire      0%         2d3       99%         4
 Starburst                Conj/Fire      0%         6d3       100%        6


Dungeon Overview and Level Annotations

Branches:
Dungeon (9/15)             Temple (1/1) D:5            Lair (0/5) D:9
 Bailey (visited)
    Orc: D:9-12

Altars:
Ashenzari
Cheibriados
Dithmenos
Fedhas
Gozag
Hepliaklqana
Makhleb
Nemelex Xobeh
Okawaru
Qazlal
Ru
Sif Muna
Uskayaw
Vehumet
Wu Jian
Xom
Yredelemnul
Zin
The Shining One

Shops:
D:5 [   D:6 (   D:7 *   D:8 *

Annotations:
D:9 bairyn's ghost, novice SpRe


Innate Abilities, Weirdness & Mutations

You are completely covered in rugged brown scales. (AC +3, +7% HP)
Armour fits poorly on your strangely shaped body.
You have a long armoured tail.
You roll when moving toward enemies. (Rampage)
Your long tongue fully drains potion bottles. (2x potion effects)
Your tongue gives you trouble enunciating. (1.5x scroll delay)


Message History

Items here: ))))) [[[.
You see here a +0 short sword.
Things that are here:
a +0 dagger; 4 stones
Items here: ( )) ÷.
Key pressed, stopping explore.
Found a shimmering altar of Xom.
Bairyn's ghost turns its malevolent gaze towards you.
Bairyn's ghost says very slowly, "There's no hope."
Found a ring mail.
No reachable target in view!
No reachable target in view!
No reachable target in view!
No reachable target in view!
No reachable target in view!
You open the door.
Bairyn's ghost shouts, "You will never get the ORB!"
The +0 dire flail of chaos hits you!
Aiming: Bolt of Light
Press: ? - help, Shift-Dir - straight line, f - +0 dire flail of chaos
Aim: a +0 dire flail of chaos (haloed, 58% to hit)
The bolt of light misses the +0 dire flail of chaos.
The +0 dire flail of chaos hits you.
You feel drained. The +0 dire flail of chaos hits you!!
You feel drained.
Aiming: Bolt of Light
Press: ? - help, Shift-Dir - straight line, f/p - +0 dire flail of chaos
Aim: a +0 dire flail of chaos (haloed, 58% to hit)
The bolt of light hits the +0 dire flail of chaos!
The +0 dire flail of chaos is moderately damaged.
The bolt of light hits bairyn's ghost!
Bairyn's ghost is moderately damaged.
Bairyn's ghost is blinded.
The +0 dire flail of chaos hits you!! The +0 dire flail of chaos freezes you!
* * * LOW HITPOINT WARNING * * *
As you slowly read the scroll of teleportation, it crumbles to dust.
You feel strangely unstable. The +0 dire flail of chaos hits you!!
* * * LOW HITPOINT WARNING * * *
You feel agile all of a sudden. Bairyn's ghost barely misses you.
The +0 dire flail of chaos hits you!!
You die...

.#............'.#............###
##............###............#
#######'###### #########'#.#####
#..# #..##..... #.## #.###.§§≈≈
#.# ###########'###§§.≈≈ #
####'######.............#≈§≈.. #
#...........W..........>#§§≈._ #
#...........(@..........#≈.§.§ #
#........##'##..........#≈..§≈
####........#._[#..........#.≈≈≈§
#..'........##.##..........#...))
'.##.........## #........)))#####
####........... #...........# #
######+##### #...........# # #.#
#########'### ########.### ###..#


You could see a +0 dire flail of chaos and bairyn's ghost (blind).

Vanquished Creatures
  A two-headed ogre (D:9)
  Erica (D:8)
  An orc knight (Bailey)
  Pikel (D:7)
  Maggie (D:7)
  A hornet (D:8)
  Prince Ribbit (D:8)
  11 yaks
  A wyvern (D:9)
  A wraith (D:9)
  A steam dragon (D:8)
  A water moccasin (D:7)
  Pargi (D:4)
  A sky beast (D:7)
  6 orc warriors (Bailey)
  A black bear (D:6)
  2 ogres
  3 centaurs
  2 lemures (D:7)
  2 kobold brigands
  3 bullfrogs
  2 gnoll sergeants
  2 scorpions
  9 wights
  6 killer bees (D:8)
  A howler monkey (D:6)
  6 hounds
  3 jellies
  5 orc priests
  A sleepcap (D:5)
  4 iguanas
  7 orc wizards
  3 adders
  11 gnolls
  4 dart slugs
  35 orcs
  5 ball pythons
  3 endoplasms
  5 giant cockroaches
  13 goblins
  4 hobgoblins
  6 quokkas
  2 bats (D:3)
  9 frilled lizards
  15 kobolds
  5 rats
209 creatures vanquished.

Notes
Turn   | Place    | Note
-------+----------+-------------------------------------------
     0 | D:1      | Inchmeat the Armataur Gladiator began the quest for the
                  | Orb.
     0 | D:1      | Reached XP level 1. HP: 18/18 MP: 1/1
   425 | D:1      | Reached XP level 2. HP: 26/26 MP: 2/2
   901 | D:2      | Reached XP level 3. HP: 24/33 MP: 3/3
  1818 | D:3      | Reached XP level 4. HP: 32/42 MP: 4/4
  1867 | D:3      | Found a burning altar of Makhleb.
  1949 | D:3      | Found a sparkling altar of Nemelex Xobeh.
  1968 | D:3      | Found a glowing golden altar of the Shining One.
  2284 | D:3      | Found a sacrificial altar of Ru.
  2842 | D:4      | Noticed Pargi
  2846 | D:4      | Reached XP level 5. HP: 49/50 MP: 5/5
  2859 | D:4      | Killed Pargi
  2860 | D:4      | Reached skill level 5 in Fighting
  2982 | D:4      | Found a shimmering blue altar of Sif Muna.
  3281 | D:5      | Entered Level 5 of the Dungeon
  3336 | D:5      | Reached XP level 6. HP: 50/60 MP: 6/6
  3471 | D:5      | Found a staircase to the Ecumenical Temple.
  3532 | Temple   | Entered the Ecumenical Temple
  3764 | Temple   | Became a worshipper of Warmaster Okawaru
  4091 | D:5      | Found Guboypre's Armour Boutique.
  4102 | D:5      | Bought an orb of light for 160 gold pieces
  4120 | D:5      | Reached * piety under Okawaru
  4121 | D:5      | Reached XP level 7. HP: 38/70 MP: 7/7
  4524 | D:6      | Reached ** piety under Okawaru
  4559 | D:5      | Reached XP level 8. HP: 39/71 MP: 8/8
  4675 | D:6      | Reached skill level 1 in Maces & Flails
  4676 | D:6      | Reached skill level 2 in Maces & Flails
  4689 | D:6      | Reached skill level 3 in Maces & Flails
  5225 | D:6      | Found an ornate altar of the Wu Jian Council.
  5278 | D:6      | Reached skill level 4 in Maces & Flails
  5294 | D:6      | Found Dofer's Weapon Shop.
  5605 | D:7      | Found a flagged portal.
  5631 | Bailey   | Entered a bailey
  5644 | Bailey   | Reached skill level 5 in Maces & Flails
  5771 | Bailey   | Noticed an orc knight
  5779 | Bailey   | Reached skill level 6 in Maces & Flails
  5790 | Bailey   | Reached *** piety under Okawaru
  5794 | Bailey   | Received a gift from Okawaru
  5795 | Bailey   | Reached XP level 9. HP: 49/87 MP: 9/9
  5812 | Bailey   | Killed an orc knight
  5813 | Bailey   | Reached skill level 7 in Maces & Flails
  6045 | D:7      | Noticed Pikel
  6058 | D:7      | Killed Pikel
  6059 | D:7      | Reached skill level 8 in Maces & Flails
  6168 | D:7      | Reached skill level 9 in Maces & Flails
  6751 | D:7      | Found Gossoala's General Store.
  6755 | D:7      | Bought a potion of might for 44 gold pieces
  6755 | D:7      | Bought a potion of brilliance for 44 gold pieces
  6845 | D:7      | Reached **** piety under Okawaru
  6914 | D:7      | Noticed Maggie
  6917 | D:7      | Killed Maggie
  6918 | D:7      | Reached skill level 10 in Maces & Flails
  6918 | D:7      | Reached XP level 10. HP: 82/96 MP: 10/10
  7089 | D:8      | Found Foyggesch's Changing Room.
  7113 | D:8      | Reached skill level 11 in Maces & Flails
  7250 | D:8      | Bought a potion of mutation for 120 gold pieces
  7346 | D:8      | Found a stormy altar of Qazlal.
  7346 | D:8      | Found a broken altar of Ashenzari.
  7400 | D:8      | Noticed Prince Ribbit
  7410 | D:8      | Killed Prince Ribbit
  7856 | D:8      | Noticed Erica
  7862 | D:8      | Killed Erica
  7862 | D:8      | Reached ***** piety under Okawaru
  7863 | D:8      | Reached skill level 12 in Maces & Flails
  8073 | D:9      | Received a gift from Okawaru
  8258 | D:9      | Noticed a two-headed ogre
  8278 | D:9      | Killed a two-headed ogre
  8279 | D:9      | Reached skill level 13 in Maces & Flails
  8279 | D:9      | Reached XP level 11. HP: 17/101 MP: 8/11
  8322 | D:9      | Found a staircase to the Lair.
  8381 | D:9      | Found a hide-covered altar of Uskayaw.
  8650 | D:9      | Found a runed translucent door.
  8840 | D:9      | Found a shimmering altar of Xom.
  8840 | D:9      | Noticed bairyn's ghost (novice SpRe)
  8840 | D:9      | Noticed a +0 dire flail of chaos
  8847 | D:9      | Demolished by a +0 dire flail of chaos

Illustrated notes

Levels and vault maps discovered:
D:1:      lemuel_arrival_funnel, layout_loops_cross, minmay_misc_feat_cross,
          minmay_lizard_king
D:2:      layout_basic
D:3:      layout_loops_ring, nicolae_overflow_quartered_altars, st_stairs_3
D:4:      layout_loops_ring, overflow_temple_1_default, uniq_pargi
D:5:      layout_basic, minmay_temple_entry_drinking_statues, serial_shops, shop
D:6:      layout_cave_pools, mainiacjoe_overflow_six_doors_small, serial_shops,
          shop
D:7:      layout_gridville, enter_bailey_5, serial_shops, shop, uniq_pikel,
          uniq_maggie
D:8:      layout_loops_cross, nicolae_overflow_two_pavilions,
          nicolae_transmutations_shop, minmay_holes,
          chequers_serial_rivers_marsh, uniq_prince_ribbit1, uniq_erica
D:9:      layout_roguey, mainiacjoe_overflow_paths, lair_entry_dummy,
          ebering_ghost_xom, skrybe_limestone_x
Temple:   dpeg_chambers_temple

Skill      XL: |  1  2  3  4  5  6  7  8  9 10 |
---------------+-------------------------------+-----
Fighting       | 2 3 4 5 7 8 |  8.7
Maces & Flails | 6 10 13 | 13.2
Staves         | |  2.6
Throwing       | |  1.7
Dodging        | |  2.1

Action                     |  1- 3 |  4- 6 |  7- 9 | 10-12 || total
---------------------------+-------+-------+-------+-------++-------
  Melee: Quarterstaff      |    84 |   136 |    65 |       ||   285
         Tailslap          |    11 |    15 |    28 |    28 ||    82
         Morningstar       |       |       |   152 |   130 ||   282
  Throw: Throwing net      |       |     2 |     2 |       ||     4
         Javelin           |       |       |     2 |     1 ||     3
 Invoke: Heroism           |       |       |     1 |     1 ||     2
  Evoke: Wand              |       |       |     4 |     2 ||     6
    Use: Potion            |       |       |     5 |     2 ||     7
         Scroll            |       |       |       |    16 ||    16
   Stab: Sleeping          |     1 |     1 |       |       ||     2
         Invisible         |       |       |     1 |       ||     1
 Armour: Leather armour    |    27 |    43 |       |       ||    70
         Troll leather arm |       |    34 |    85 |    30 ||   149
         Skin              |       |       |     7 |       ||     7
  Dodge: Dodged            |    36 |    83 |   147 |    74 ||   340
